 Dungeon Crawl Stone Soup version 0.23.2-1-ga50397a6bc (webtiles) character file.

Game seed: 2284442560889834354

95 Tinylith the Firebug (level 4, -3/32 HPs)
             Began as a Demonspawn Fire Elementalist on Apr 29, 2019.
             Slain by an iron imp (11 damage)
             ... summoned by Natasha
             ... on level 2 of the Dungeon.
             The game lasted 00:05:36 (1863 turns).

Tinylith the Firebug (Demonspawn Fire Elementalist) Turns: 1863, Time: 00:05:37

Health: -3/32      AC:  3    Str:  8    XL:     4   Next: 39%
Magic:  7/7        EV: 12    Int: 17    God:
Gold:   52         SH:  0    Dex: 14    Spells: 1/7 levels left

rFire    . . .     SeeInvis .   g - +0 spear
rCold    . . .     Gourm    .   (no shield)
rNeg     . . .     Faith    .   a - +0 robe
rPois    .         Spirit   .   (helmet restricted)
rElec    .         Reflect  .   (no cloak)
rCorr    .         Harm     .   (no gloves)
MR       .....                  (no boots)
Stlth    +.........             (no amulet)
HPRegen  0.10/turn              (no ring)
MPRegen  0.10/turn              (no ring)

@: confused
A: horns 1, rugged brown scales 1
a: no special abilities


You were on level 2 of the Dungeon.
You were not hungry.

You visited 1 branch of the dungeon, and saw 2 of its levels.

You collected 52 gold pieces.

Inventory:

Hand Weapons
 g - a +0 spear (weapon)
Missiles
 i - 62 stones (quivered)
Armour
 a - a +0 robe (worn)
Scrolls
 b - 2 scrolls of remove curse {unknown}
 e - a scroll of amnesia {unknown}
 f - 3 scrolls of teleportation {unknown}
 h - a scroll of enchant armour {unknown}
 j - a scroll of blinking {unknown}
Potions
 k - a potion of degeneration {unknown}
Comestibles
 c - 5 rations
 l - 4 chunks of flesh


   Skills:
 + Level 1.4 Fighting
 - Level 1.7 Dodging
 - Level 1.7 Stealth
 + Level 2.4 Spellcasting
 * Level 2.5 Conjurations
 * Level 3.5 Fire Magic


You had one spell level left.
You knew the following spells:

 Your Spells              Type           Power        Failure   Level  Hunger
a - Flame Tongue          Conj/Fire      ##...        5%          1    #......
c - Conjure Flame         Conj/Fire      ##......     16%         3    ###....
f - Throw Flame           Conj/Fire      ##....       9%          2    ##.....

Your spell library contained the following spells:

 Spells                   Type           Power        Failure   Level  Hunger
 Inner Flame              Hex/Fire       #.......     26%         3    ###....
 Sticky Flame             Conj/Fire      ##......     47%         4    #####..
 Fireball                 Conj/Fire      ##........   83%         5    ######.


Dungeon Overview and Level Annotations

Branches:
Dungeon (2/15)

Altars:
Sif Muna
Xom
The Shining One

Annotations:
D:2 Natasha, Sigmund


Innate Abilities, Weirdness & Mutations

You have a pair of small horns on your head.
You are partially covered in rugged brown scales. (AC +1, +3% HP)


Message History

* * * LOW HITPOINT WARNING * * *
Casting: Flame Tongue (safe; 5% risk of failure)
Confirm with . or Enter, or press ? or * to list all spells.
Aiming: Flame Tongue (safe; 5% risk of failure)
Press: ? - help, Shift-Dir - straight line, f/p - Natasha
Aim: Natasha (moderately wounded)
The flame tongue misses Natasha.
Natasha completely misses you. The iron imp barely misses you.
Some of the chunks of flesh in your inventory have rotted away.
It was a potion of ambrosia.
You are confused.
You feel invigorated. Natasha claws you.
* * * LOW HITPOINT WARNING * * *
The iron imp completely misses you.
You're too confused to cast spells.
Sorry, you're not good enough to have a special ability.
You closely miss Natasha.
Natasha is moderately wounded.
Natasha barely misses you. The iron imp hits you!
You die...

.(......................# #####
.......#................# ..#.##
.......#................# .....##
.......#................# ......#
.......#......#........## .#....#
...>...#..........<...##
.#..#.#....h...)[..........####
...............#h.....#..#...# .
.....?..########@#...........#...
..........# #..5.#...#..###....g.
..........##..##.#...#...........
.......#.%.#.###.#....รท.....(....
.............#........#...###...g
.........................## ....
...@.....................# ####
...# ...............#.# .....
..##...##.....#......


You could see an iron imp and Natasha.

Vanquished Creatures
  Jessica (D:2)
  A gnoll (D:1)
  An adder (D:2)
  2 oozes (D:1)
  A worm (D:2)
  A leopard gecko (D:1)
  4 giant cockroaches
  A goblin (D:1)
  5 hobgoblins (D:1)
  9 jackals
  2 bats
  3 kobolds (D:1)
  6 rats
37 creatures vanquished.

Notes
Turn   | Place    | Note
-------+----------+-------------------------------------------
     0 | D:1      | Tinylith the Demonspawn Fire Elementalist began the quest
                  | for the Orb.
     0 | D:1      | Reached XP level 1. HP: 13/13 MP: 3/3
   353 | D:1      | Gained mutation: You are partially covered in rugged brown
                  | scales. (AC +1, +3% HP) [demonic ancestry]
   353 | D:1      | Reached XP level 2. HP: 14/20 MP: 0/5
   506 | D:1      | Learned a level 2 spell: Throw Flame
   645 | D:1      | Reached skill level 3 in Fire Magic
   869 | D:1      | Reached skill level 1 in Fighting
   872 | D:1      | Gained mutation: You have a pair of small horns on your
                  | head. [demonic ancestry]
   872 | D:1      | Reached XP level 3. HP: 25/26 MP: 0/6
   877 | D:1      | Learned a level 3 spell: Conjure Flame
  1526 | D:2      | Found a glowing golden altar of the Shining One.
  1526 | D:2      | Found a shimmering altar of Xom.
  1526 | D:2      | Found a deep blue altar of Sif Muna.
  1597 | D:2      | Noticed Sigmund
  1777 | D:2      | Reached XP level 4. HP: 32/32 MP: 3/7
  1838 | D:2      | Noticed Jessica
  1849 | D:2      | Killed Jessica
  1850 | D:2      | Noticed Natasha
  1863 | D:2      | Slain by an iron imp

Skill      XL: |  1  2  3 |
---------------+----------+-----
Fire Magic     | 3 |  3.5
Fighting       | 1 |  1.4
Conjurations   | 2 |  2.5
Dodging        | |  1.7
Stealth        | |  1.7
Spellcasting   | |  2.4

Action                   |  1- 3 |  4- 6 || total
-------------------------+-------+-------++-------
Melee: Unarmed           |     3 |       ||     3
       Spear             |    10 |     1 ||    11
       Headbutt          |     2 |       ||     2
Throw: Stone             |     9 |     1 ||    10
 Cast: Flame Tongue      |    68 |     9 ||    77
  Use: Potion            |       |     1 ||     1
  Eat: Chunk             |     3 |     1 ||     4
Armor: Robe              |     6 |       ||     6
Dodge: Dodged            |    29 |     5 ||    34
